 Dungeon Crawl Stone Soup version 0.28.0-53-g5a82cb258f (console) character file.

Game seed: 14976834033167495467

149 erker the Changer (level 5, -5/33 HPs)
             Began as an Octopode Transmuter on July 13, 2022.
             Killed by divine providence
             ... invoked by an orc priest
              (11 damage)
             ... on level 3 of the Dungeon.
             The game lasted 00:06:55 (2699 turns).

erker the Changer (Octopode Transmuter)             Turns: 2699, Time: 00:06:56

Health: -5/33      AC:  1    Str:  9    XL:     5   Next: 31%
Magic:  7/8        EV: 13    Int: 18    God:
Gold:   102        SH:  0    Dex: 12    Spells: 3/8 levels left

rFire   . . .      SeeInvis .     - Unarmed
rCold   . . .      Faith    .   (no shield)
rNeg    . . .      Spirit   .   (helmet currently unavailable)
rPois   .          Reflect  .   (no amulet)
rElec   .          Harm     .   (no ring)
rCorr   .          Rampage  .   (no ring)
Will    .....                   (no ring)
Stlth   ++........              (no ring)
HPRegen 0.11/turn               (no ring)
MPRegen 0.11/turn               (no ring)
                                (no ring)
                                (no ring)

@: appendages
A: tentacle spike 3, almost no armour, amphibious, 8 rings, camouflage 1,
gelatinous body 1, (nimble swimmer 1), tentacles
a: End Transformation


You were on level 3 of the Dungeon.
One of your tentacles had grown a beastly spike.
You visited 1 branch of the dungeon, and saw 3 of its levels.

You collected 102 gold pieces.

Inventory:

Missiles
 b - 4 poisoned darts
 c - 6 boomerangs
 i - 14 stones
 k - 6 curare-tipped darts
Jewellery
 j - a ring of fire
Scrolls
 a - a scroll of identify {unknown}
 d - a scroll of teleportation {unknown}
 f - a scroll of amnesia {unknown}
 g - a scroll of enchant armour {unknown}
 h - a scroll of enchant weapon {unknown}
Potions
 e - a potion of ambrosia {unknown}


   Skills:
 - Level 1.0 Fighting
 - Level 2.0 Dodging
 + Level 3.4 Unarmed Combat
 - Level 2.0 Spellcasting
 - Level 4.4 Transmutations
 * Level 2.0 Ice Magic


You had 3 spell levels left.
You knew the following spells:

 Your Spells              Type           Power      Damage    Failure   Level
a - Beastly Appendage     Tmut           34%        N/A       3%          1
y - Ice Form              Ice/Tmut       13%        N/A       43%         4

Your spell library contained the following spells:

 Spells                   Type           Power      Damage    Failure   Level
 Wereblood                Tmut           17%        N/A       4%          2
 Spider Form              Tmut/Pois      9%         N/A       22%         3


Dungeon Overview and Level Annotations

Branches:
Dungeon (3/15)

Altars:

Annotations:
D:2 Robin


Innate Abilities, Weirdness & Mutations

One of your tentacles has grown a beastly spike.
You cannot wear most types of armour.
You are amphibious.
You can wear up to eight rings at the same time.
Your skin changes colour to match your surroundings (Stealth+).
Your rubbery body absorbs attacks. (AC +1, EV +1)
((You are camouflaged when in or above water. (Stealth+)))
You have tentacles for arms and can constrict up to eight enemies at once.


Message History

Confirm with . or Enter, or press ? or * to list all spells.
One of your tentacles grows a vicious spike. 2 orcs come into view.
An orc is wielding a +0 mace of protection.
Found a murky blue potion.
The orc shouts!
The orc priest shouts!
The kobold shouts!
The orc priest mumbles some strange prayers to Beogh against you.
Beogh smites you!
You closely miss the orc. You grab the orc.
You constrict the orc, but do no damage.
The orc struggles to escape constriction.
You tentacle-slap the orc but do no damage.
You pierce the orc.
You tentacle-slap the orc, but do no damage.
The orc is heavily wounded.
You constrict the orc.
The orc escapes!
Your magical contamination has completely faded away.
You barely miss the orc. Your grab misses the orc. Your squeeze misses the orc.
The orc misses you. x2
You tentacle-slap the orc. You grab the orc.
The orc is moderately wounded.
You constrict the orc. The orc closely misses you.
The orc hits you with a +0 flail!
You tentacle-slap the orc.
You kill the orc!
The orc hits you but does no damage.
You tentacle-slap the orc but do no damage.
You grab the orc.
You pierce the orc.
You squeeze the orc, but do no damage.
The orc is heavily wounded.
You constrict the orc, but do no damage.
The orc misses you. The orc hits you with a +0 dagger.
You tentacle-slap the orc but do no damage.
The orc is heavily wounded.
You constrict the orc, but do no damage.
The orc hits you with a +0 mace of protection.
* * * LOW HITPOINT WARNING * * *
The orc barely misses you.
The orc priest mumbles some strange prayers to Beogh against you.
Beogh smites you!
You die...

.## .. ##
#.. .#
###.K####
.#
.....o..#
.# #
........#
.##.#
#.!o.o#
.....
##o#
....#
#@o#
....#
##.##
....#
#..#
....#
#.##
..... #.#
.#...
###.#
.....
#...#
........
#.###
.......#
#.#


You could see an orc priest and 2 orcs.

Vanquished Creatures
  Natasha (thrice) (D:3)
  4 worms (D:2)
  6 orcs (D:3)
  5 endoplasms
  2 giant cockroaches
  5 hobgoblins
  6 jackals
  2 quokkas (D:2)
  6 ball pythons
  3 bats
  5 frilled lizards
  5 goblins
  2 kobolds
  2 rats (D:2)
  A spectral hobgoblin (D:1)
57 creatures vanquished.

Notes
Turn   | Place    | Note
-------+----------+-------------------------------------------
     0 | D:1      | erker the Octopode Transmuter began the quest for the Orb.
     0 | D:1      | Reached XP level 1. HP: 13/13 MP: 3/3
   118 | D:1      | Found a faded altar of an unknown god.
   146 | D:1      | Reached XP level 2. HP: 17/18 MP: 3/5
   346 | D:1      | Reached skill level 3 in Transmutations
  1080 | D:2      | Reached XP level 3. HP: 19/23 MP: 6/6
  2068 | D:2      | Noticed Robin
  2095 | D:2      | Reached skill level 4 in Transmutations
  2182 | D:3      | Noticed Natasha
  2186 | D:3      | Killed Natasha
  2187 | D:3      | Reached XP level 4. HP: 22/28 MP: 5/7
  2193 | D:3      | Learned a level 4 spell: Ice Form
  2434 | D:3      | Noticed Natasha
  2444 | D:3      | Killed Natasha
  2445 | D:3      | Reached skill level 1 in Ice Magic
  2445 | D:3      | Reached XP level 5. HP: 19/33 MP: 6/8
  2498 | D:3      | Noticed Natasha
  2505 | D:3      | Killed Natasha
  2699 | D:3      | Killed from afar by an orc priest

Illustrated notes

Levels and vault maps discovered:
D:1:      saegor_arrival_simple_a, layout_loops_ring,
          dreamdust_ecumenical_altar_drowned_temple
D:2:      layout_basic, st_stairs_12, uniq_robin
D:3:      layout_rooms, uniq_sigmund, uniq_natasha

Skill      XL: |  1  2  3  4  5 |
---------------+----------------+-----
Transmutations | 3 4 |  4.4
Ice Magic      | 1 2 |  2.0
Fighting       | |  1.0
Dodging        | |  2.0
Unarmed Combat | |  3.4
Spellcasting   | |  2.0

Action                   |  1- 3 |  4- 6 || total
-------------------------+-------+-------++-------
Melee: Unarmed           |    89 |    45 ||   134
       Kick              |    32 |    15 ||    47
       Constrict         |    26 |    13 ||    39
       Tentacles         |    16 |     8 ||    24
       Punch             |     2 |     2 ||     4
 Cast: Beastly Appendage |    29 |    10 ||    39
 Stab: Sleeping          |     7 |       ||     7
Armor: Skin              |     4 |     4 ||     8
Dodge: Dodged            |    33 |    24 ||    57
